Cogmind - Beta 15 @@@ ROGUE MODE // 2025.08.17 @ 12:04:49 Player: C0-2MO Result: Destroyed by N7-GEH(R) with Subdweller Beam Cannon Performance ------------- Evolutions (0) 0 Regions Visited (2) 400 Robots Destroyed (25) 125 Value Destroyed (660) 660 Prototype IDs (0) 0 Alien Tech Used (0) 0 Bonus (0) 0 TOTAL SCORE: 1185 Bonus ------- None Cogmind --------- Core Integrity 0/250 Matter 257/300 Energy 73/100 System Corruption 3% Temperature Warm (197) Movement Rolling (105) Location -10/Subcaves Parts ------- > --- POWER (1) -------- Subdweller Power Source > --- PROPULSION (2) --- Compact Wheel Subdweller Monowheel > --- UTILITY (2) ------ Scrap Shield > --- WEAPON (2) ------- Subdweller Laser Subdweller Machine Gun > --- INVENTORY (5) ---- Wheel Subdweller Optics Seismic Detector Hacking Suite Improved Light Cannon Peak State ------------ > --- POWER ------------ Subdweller Power Source > --- PROPULSION ------- Compact Wheel Subdweller Monowheel > --- UTILITY ---------- Huge Storage Unit Medium Armor Plating > --- WEAPON ----------- Autogun Autogun > --- INVENTORY -------- Light Treads Light Treads Wheel Wheel Medium Storage Unit Seismic Detector Core Shielding Medium Armor Plating Medium Armor Plating Hacking Suite Subdweller Beam Cannon Autogun Improved Light Cannon Improved Light Cannon Mining Laser [Rating: 14] Favorites ----------- Power Ion Engine Engine Ion Engine Propulsion Wheel Treads Light Treads Wheel Wheel Utility Huge Storage Unit Device Seismic Detector Storage Huge Storage Unit Protection Medium Armor Plating Weapon Autogun Energy Gun Subdweller Laser Energy Cannon Subdweller Beam Cannon Ballistic Gun Autogun Ballistic Cannon Light Cannon Build | -11 -10 -10 ------- Run | Yrd Mat Sub Slots Evolved . | . . . Power . | . . . Propulsion . | . . . Utility . | . . . Weapon . | . . . Parts Attached 31 | 6 14 11 Power 3 | 1 . 2 Engine 3 | 1 . 2 Core . | . . . Reactor . | . . . Propulsion 9 | 2 4 3 Treads 1 | 1 . . Leg . | . . . Wheel 8 | 1 4 3 Hover . | . . . Flight . | . . . Utility 9 | 1 6 2 Device 1 | 1 . . Storage 2 | . 2 . Processor . | . . . Hackware . | . . . Protection 6 | . 4 2 Artifact . | . . . Weapon 10 | 2 4 4 Energy Gun 1 | . . 1 Energy Cannon 1 | . . 1 Ballistic Gun 7 | 2 3 2 Ballistic Cannon 1 | . 1 . Launcher . | . . . Special Weapon . | . . . Impact Weapon . | . . . Slashing Weapon . | . . . Piercing Weapon . | . . . Special Melee Weapon . | . . . Unidentified Prototypes . | . . . Corrupted Parts 1 | . 1 . System Corruption 3 | . 3 . Parts Lost 7 | . . 7 Power 2 | . . 2 Propulsion 3 | . . 3 Utility 1 | . . 1 Weapon 1 | . . 1 Highest Loss Streak 5 | . . 5 To Critical Strikes . | . . . Average Backups 13 | 2 11 16 Power . | . . . Propulsion 4 | 1 4 4 Utility 5 | . 4 6 Weapon 3 | . 2 5 Tool/Special . | . . . Unused Backups 10 | . 1 9 Power . | . . . Propulsion 1 | . . 1 Utility 4 | . . 4 Weapon 5 | . 1 4 Tool/Special . | . . . Average Slot Usage (%) 98 | . 98 97 Engine 13 | . 14 13 Treads 2 | . 4 . Wheel 25 | . 23 27 Storage 12 | . 13 12 Protection 13 | . 13 13 Energy Gun 2 | . . 4 Ballistic Gun 20 | . 18 21 Ballistic Cannon 4 | . 8 . Peak Build Rating 14 | 6 12 14 Average Rating 10 | 4 8 12 On Entrance 6 | . 6 12 Naked Turns . | . . . Heaviest Build 103 | 8 98 103 Greatest Support 36 | 20 20 36 Greatest Overweight (x) 9 | . 9 5 Average Overweight (x) 3 | . 4 3 Largest Inventory Capacity 25 | 5 25 25 Average Capacity 22 | 5 23 23 Most Carried 21 | 4 21 20 Average Carried 13 | 2 12 16 Final Capacity 25 | 5 25 5 Final Carried 19 | 4 19 5 Class Distribution -------------------- 95% | Mutant 4% | Subdweller-Mutant Dominant Class ---------------- Mutant | -10/Materials Mutant | -10/Subcaves Resources | -11 -10 -10 ----------- Run | Yrd Mat Sub Matter Collected 1140 | 278 533 329 Remotely . | . . . Salvage Created 810 | 84 352 374 Parts 48 | 6 24 18 Haulers Intercepted 1 | . 1 . Recyclers Shooed . | . . . Parts Field Recycled . | . . . Retrieved Matter . | . . . Parts Self-Destructed 5 | . . 5 Prevented . | . . . Kills | -11 -10 -10 ------- Run | Yrd Mat Sub Combat Hostiles Destroyed 17 | . 9 8 Guns 12 | . 6 6 Cannons 5 | . 3 2 Classes Destroyed 11 | 2 7 2 Worker 1 | . 1 . Tunneler 1 | 1 . . Hauler 1 | . 1 . Recycler 1 | 1 . . Mechanic 1 | . 1 . Operator 1 | . 1 . Watcher 2 | . 2 . Swarmer 3 | . 3 . Grunt 8 | . 6 2 Sentry 1 | . . 1 Subdweller 5 | . . 5 Best Kill Streak 3 | 2 3 2 Combat Bots Only 3 | . 3 2 Max Kills in Single Turn 1 | 1 1 1 Gunslinging . | . . . Exploded . | . . . Melee . | . . . Uniques/NPCs Destroyed . | . . . Combat | -11 -10 -10 -------- Run | Yrd Mat Sub Hostile Shots Fired 154 | . 76 78 Missed 38 | . 22 16 Hits 116 | . 54 62 Projectile 116 | . 54 62 Critical Strikes 4 | . 1 3 Damage Taken 1574 | . 553 1021 Core 265 | . 69 196 Absorbed by Shields . | . . . Core Remaining (%) 100 | 100 . . Volleys Fired 109 | 9 62 38 Largest 2 | 2 2 2 Hottest 103 | 40 50 103 Shots Fired 216 | 18 123 75 Gun 156 | 18 73 65 Cannon 60 | . 50 10 Launcher . | . . . Special . | . . . Kinetic 199 | 18 123 58 Thermal 17 | . . 17 Explosive . | . . . Electromagnetic . | . . . Robot Hit Streak 13 | 3 13 13 Robot Miss Streak 9 | 5 9 2 Penetration Max . | . . . Secondary Targets 1 | . . 1 Max Gunslinging Chain 1 | . . 1 Shots Hit Robots 135 | 7 72 56 Core Hits 45 | 4 26 15 Critical Kills . | . . . Critical Parts Destroyed . | . . . Critical Strikes . | . . . Melee Attacks . | . . . Impact . | . . . Slashing . | . . . Piercing . | . . . Sneak Attacks . | . . . Combat Hostiles . | . . . Follow-up Attacks . | . . . Damage Inflicted 1956 | 50 892 1014 Guns 1323 | 50 419 854 Cannons 633 | . 473 160 Explosions . | . . . Melee . | . . . Ramming . | . . . Kinetic 1666 | 50 892 724 Thermal 290 | . . 290 Explosive . | . . . Electromagnetic . | . . . Impact . | . . . Slashing . | . . . Piercing . | . . . Highest Corruption 3 | . 3 3 Average Corruption 3 | . 3 3 Corruption Purged . | . . . Corruption Blocked . | . . . Effects 51 | . 27 24 Message Errors 11 | . 4 7 Matter Fused 12 | . 8 4 Heat Flow Errors 5 | . 4 1 Energy Discharges 7 | . 1 6 Parts Fused 1 | . 1 . Data Loss (minor) 8 | . 2 6 Data Loss (major) 2 | . 2 . Misfires 1 | . 1 . Alerts 2 | . 2 . Weapon Failures 2 | . 2 . Overload Shots . | . . . Overflow Damage 19 | . 19 . Projectiles 19 | . 19 . Explosions . | . . . Melee . | . . . Knockbacks 5 | . 5 . Impact . | . . . Kinetic 5 | . 5 . Secondary . | . . . Self-Inflicted Damage . | . . . Shots . | . . . Rammed . | . . . Targets Rammed . | . . . Kicked . | . . . Crushed . | . . . Highest Temperature 254 | . 249 254 Average Temperature 56 | . 53 69 Received Heat Transfer 905 | . 219 686 Siege Activations . | . . . Martial Activations . | . . . Shielding Activations . | . . . Robots Disrupted . | . . . Combat Hostiles . | . . . Robots Corrupted . | . . . Combat Hostiles . | . . . Parts Fried . | . . . Impact Corruptions . | . . . Robots Melted . | . . . Combat Hostiles . | . . . Parts Melted . | . . . Heat Transferred 372 | . . 372 Parts Sabotaged . | . . . Parts Stolen . | . . . Parts Stripped . | . . . Power Chain Reactions . | . . . Alert | -11 -10 -10 ------- Run | Yrd Mat Sub Maximum Alert Level . | . . . Low Security (%) 100 | 100 100 . Level 1 . | . . . Level 2 . | . . . Level 3 . | . . . Level 4 . | . . . Level 5 . | . . . High Security . | . . . Max Security . | . . . Peak Influence 108 | 5 108 . Initial . | . . . Average 22 | 1 23 . Influence Increases 433 | 10 353 70 Destroy 0b10 Robot/C 240 | . 180 60 Destroy 0b10 Robot/NC 40 | 10 30 . Destroy Leader 56 | . 46 10 Successful Hack 20 | . 20 . Select Force Hacks 60 | . 60 . Disable Machine 15 | . 15 . Destroy Structure 2 | . 2 . Influence Decreases 433 | 10 353 70 Time Decay 393 | 10 353 30 Lost Part 40 | . . 40 Squads Dispatched 5 | . 5 . Investigation 4 | . 4 . Extermination . | . . . Reinforcement 1 | . 1 . Assault . | . . . Garrison . | . . . Intercept . | . . . Searches Triggered . | . . . Construction Impeded . | . . . Haulers Reinforced . | . . . Active Scanning Responses . | . . . Cargo Convoy Interrupts . | . . . Stealth | -11 -10 -10 --------- Run | Yrd Mat Sub Distress Signals 1 | . 1 . Communications Jammed . | . . . Distress Signals . | . . . Times Spotted 26 | . 17 9 Peak Tracking Total 4 | . 4 3 Tactical Retreats . | . . . Traps | -11 -10 -10 ------- Run | Yrd Mat Sub Traps Triggered 1 | . 1 . Indirectly . | . . . Trap Hack Attempts . | . . . Triggered . | . . . Disarmed . | . . . Reprogrammed . | . . . Reused . | . . . Traps Extracted . | . . . Installed . | . . . Triggered . | . . . Machines | -11 -10 -10 ---------- Run | Yrd Mat Sub Machines Disabled 1 | . 1 . Max in Single Turn 1 | . 1 . Machines Repaired . | . . . Machines Dismantled . | . . . Machines Sabotaged . | . . . Overloaded Fab Kills . | . . . Hacking | -11 -10 -10 --------- Run | Yrd Mat Sub Machines Accessed 9 | . 9 . Terminals 7 | . 7 . Fabricators . | . . . Repair Stations . | . . . Recycling Units 2 | . 2 . Scanalyzers . | . . . Garrison Access . | . . . Total Hacks 23 | . 23 . Successful 16 | . 16 . Failed 7 | . 7 . Catastrophic . | . . . Database Lockouts . | . . . Manual 22 | . 22 . Terminals 21 | . 21 . Fabricators . | . . . Repair Stations . | . . . Recycling Units 2 | . 2 . Scanalyzers . | . . . Garrison Access . | . . . Terminal Hacks 3 | . 3 . Terminal Index 1 | . 1 . Zone Layout 2 | . 2 . Fabricator Hacks . | . . . Repair Station Hacks . | . . . Recycling Unit Hacks . | . . . Scanalyzer . | . . . Garrison Access Hacks . | . . . Unauthorized Hacks 13 | . 13 . Terminals 11 | . 11 . Botnet 5 | . 5 . Skim 6 | . 6 . Fabricators . | . . . Repair Stations . | . . . Recycling Units 2 | . 2 . Tunnel 2 | . 2 . Scanalyzers . | . . . Garrison Access . | . . . Data Cores Recovered . | . . . Used . | . . . Hacking Detections 7 | . 7 . Full Trace Events 1 | . 1 . Feedback Events . | . . . Feedback Blocked . | . . . Robot Schematics Acquired . | . . . Robots Built . | . . . Authchips . | . . . Time . | . . . Total Robot Build Rating . | . . . Part Schematics Acquired . | . . . Parts Built . | . . . Authchips . | . . . Time . | . . . Total Part Build Rating . | . . . Parts Repaired . | . . . Time . | . . . Parts Recycled . | . . . Recycled Matter . | . . . Retrieved Matter . | . . . Retrieved Components . | . . . Parts Scanalyzed . | . . . Part Schematics Acquired . | . . . Parts Damaged . | . . . Bothacking | -11 -10 -10 ------------ Run | Yrd Mat Sub Used RIF Installer . | . . . Robots Hacked . | . . . Non-combat . | . . . Combat . | . . . Robot Hacks Applied . | . . . Relay Couplers Released . | . . . Fabnet Peak Effective % . | . . . Robots Rewired . | . . . Allies Hacked . | . . . Hacks Repelled . | . . . Allies | -11 -10 -10 -------- Run | Yrd Mat Sub Total Allies . | . . . Largest Group . | . . . Highest-Rated Group . | . . . Highest-Rated Ally . | . . . Total Orders . | . . . Ally Attacks . | . . . Total Damage . | . . . Kills . | . . . Allies Corrupted . | . . . Allies Melted . | . . . Intel | -11 -10 -10 ------- Run | Yrd Mat Sub Active Infowar (turns) 128 | 15 113 . Seismic 128 | 15 113 . Robot Analysis Total . | . . . Derelict Logs Recovered 2 | . . 2 Drone Launches . | . . . Drone Recoveries . | . . . Exploration | -11 -10 -10 ------------- Run | Yrd Mat Sub Turns Passed 3263 | 92 1702 1469 Spaces Moved 1804 | 69 759 976 Core 1 | 1 . . Treads 1 | 1 . . Legs . | . . . Wheels 1802 | 67 759 976 Hover . | . . . Flight . | . . . Fastest Speed 50 | 50 80 105 Average Speed 138 | 80 148 134 Slowest Speed 215 | 160 215 155 Overloaded Moves . | . . . Propulsion Burnouts . | . . . Robots Hopped . | . . . Potential Cave-ins . | . . . Cave-ins Triggered . | . . . Exploration Rate (%) 59 | 5 97 77 Regions Visited 2 Branch Regions 1 Pre-discovered Areas 5 | . 3 2 Known Exits Taken . | . . . Unknown Exits Taken 2 | 1 1 . Scrap Searched 2 | . . 2 Spaces Dug . | . . . Terrain Destroyed 3 | . . 3 Melee . | . . . Projectile 3 | . . 3 AOE . | . . . Terrain Rammed . | . . . Walls Destroyed . | . . . Machines Disabled . | . . . Actions | -11 -10 -10 --------- Run | Yrd Mat Sub Total 2378 | 87 1219 1072 Wait 396 | . 363 33 Move 1802 | 68 758 976 Hop . | . . . Pick Up 18 | 4 11 3 Fast Attach 18 | 6 8 4 Attach 7 | . . 7 Detach 5 | . 3 2 Swap 14 | . 10 4 Drop 9 | . 4 5 Fire 109 | 9 62 38 Melee . | . . . Ram . | . . . Kick . | . . . Crush . | . . . Escape Stasis . | . . . Rewire . | . . . Trap . | . . . Miscellaneous . | . . . Route ------- -11/Scrapyard -10/Materials (discovered 5 exits: *Mat x3 / [*Min] / [*Sub]) -10/Subcaves (discovered 2 exits: [*Mat] / Rec) History --------- Turn | Location | Event 14 | -11/Scrapyard | Discovered new exit (range 15) 93 | -11/Scrapyard | Entered Materials 166 | -10/Materials | Discovered new exit (range 9) 202 | -10/Materials | Met 8R-AWN 307 | -10/Materials | Build established: Mutant 613 | -10/Materials | Discovered new exit (range 11) 1391 | -10/Materials | Learned 2 Mines zone layouts 1422 | -10/Materials | Discovered new exit (range 14) 1459 | -10/Materials | Learned 4 Recycling zone layouts 1467 | -10/Materials | Discovered new exit (range 6) 1517 | -10/Materials | Learned 4 Recycling zone layouts 1563 | -10/Materials | Loaded intel: 3 trap records 1601 | -10/Materials | Identified exit to Materials 1630 | -10/Materials | Learned 2 Storage zone layouts 1667 | -10/Materials | Learned Storage stockpile data 1713 | -10/Materials | Learned 2 Storage zone layouts 1769 | -10/Materials | Learned location of Subcaves (-10) 1795 | -10/Materials | Entered Subcaves 1802 | -10/Subcaves | Learned location of Zion (-6) 1830 | -10/Subcaves | Met a Zionite searching for "candidates" 2277 | -10/Subcaves | Identified exit to Recycling 2327 | -10/Subcaves | Disturbed a concealed Subdweller 2500 | -10/Subcaves | Lost 5 parts (1p2n1u1w) 2573 | -10/Subcaves | Core integrity fell below 50% 2616 | -10/Subcaves | Core integrity fell below 20% 2722 | -10/Subcaves | Shifting Twisted Machinery released Sub. Laser 3115 | -10/Subcaves | Shifting Twisted Machinery released Scrap Shield 3156 | -10/Subcaves | Shifting Twisted Machinery released Sub. Optics 3194 | -10/Subcaves | Discovered new exit (range 15) 3264 | -10/Subcaves | Destroyed by N7-GEH(R) with Subdweller Beam Cannon Last Messages --------------- 03050_ Acquired 45 matter. 03052_ Acquired 31 matter. 03104_ System corrupted: Component data lost. Scrap Shield falls loose from the Twisted Machinery. 03122_ System corrupted: Energy discharge (-56). 03129_ Dropped Huge Storage Unit. 03129_ Dropped Med. Armor Plating. 03135_ Acquired Scrap Shield. 03136_ Dropped Lgt. Treads. 03137_ Dropped Core Shielding. 03143_ Acquired Hacking Suite. 03146_ Acquired Sub. Optics. Sub. Optics falls loose from the Twisted Machinery. 03194_ EXIT=FOUND 03210_ 5C>Q:G57NC6SZMFMB<,&&0GO>GOM 03221_ Sub. Power Source shoots sparks and powers down. 03258_ Critical hit (Meltdown: +260). Map ----- +----------------------------------------------------+ | ????"#???????????????????????????????????????????? | | ##?? ##??##??????????????????????????????????????? | | "#? ""## ##?????????????????????????????????????? | | "##"" ?????????????????????????????????????? | | " " ??????????????????????????????????????? | | "" ????????????????????????????????????????? | | !"""" ?????????????????????????????????????????? | | """" ?????????????????????????????????????????? | | ## "" ???????????????????????????????????????? | | #??????????????????????????????????????????????? | | #?????????????????????????##???????????????####? | | ###???????????????????????## ??????????????## ## | | ?????????????????????????? ??????????????# # | | ????????????????????????## ???????????????# ## | | ????????????????????????# #???# ????????## | | ??????????????????????###" #### ?????### | | ???????????????????????" ?????## | | ??????????????????????? #????## | | ???????????????????????? #??### ## | | ????????????????????????" #??## ## ### | | ????????????????????????? #??# # #? | | ????????????????????????? #???# ## ##? | | ?????????????????????????# # #????# # ## | | ????????????????????????## # #????## # # | | ????????????????????????#;R# #??????## ### | | ????????????????????????#@ #????????# ##?# | | ???????######???????????## ##???????####?## | | ???????# ##########???# #???##### #???# | | ???????# ##### #??## #???# | | ?###??## ##??# ##??# # | | ## ##?# ## ###?# #### ## | | # #?# ### #??# #? | | ?# #?# ### ## ### #??# ## | | ?# ### ### ## #### ###### # | | ## ### ### # #?# # ### | | # #?# ### #### ### | | ####?###### ## ### ## | | ### ## ### ####?## # | | " ##?## ## | | " #??# ## | | ## #### ## #### | | #####? ##??###### # ### ### | | ##????? #????????# # ## #?# # # | | < ###### #???????## ### ##?# ### | | " " ??????# #?#####?# ##?? | | " " ??????## ## ##???????# ##??? | | " ""#???????# #?##????????## ##???? | | ##"" ###???????# ##????????????### ##????? | | #####??####?????????######???????????????###?????? | | ?????????????????????????????????????????????????? | +----------------------------------------------------+ Best States ------------- Heat Dissipation 25 Energy Generation 15 Energy Capacity 250 Matter Stores 300 Matter Capacity 300 Sight Range 16 Terrain Scan Density 10 Armor Coverage 800 Core Shielding 20 Evasion (%) 44 Item Schematics ----------------- None Robot Schematics ------------------ None Fabricated ------------ Nothing Repaired ---------- Nothing Alien Tech Used ----------------- None Achievements -------------- None Challenges ------------ None Game ------ Seed BiometalGatlingLog Manual? 0 Play Time 00:18:33 Cumulative 469.7 hours Start 2025.08.17 @ 11:47:22 End 2025.08.17 @ 12:04:49 Sessions 1 Manual Loads 0 Difficulty Rogue Special Mode None Game No. 205 Rogue 205 Adventurer 0 Explorer 0 Win Type - Total 31 Types 13/2/5/2/5/1/0/2/0/1 Lore% 95 Gallery% 86 Achievement% 79 Wizard Run 0 Options --------- Layout 1 ASCII 0 Keyboard 0 Movement Numpad Keybinds 0 Fullscreen 1 Font 24/Smallcaps Map View 50x35 Zoom Use 0% Tactical HUD 1 Map Filters NONE Filters NONE Steam 1 RUN: a0e0ef7e-c6f5-474f-83f6-6632ce074cfd